 Dungeon Crawl Stone Soup version 0.21.1-1-g345015f (webtiles) character file.

7207 diana the Grappler (level 10, -19/100 HPs)
             Began as a Troll Fighter on May 25, 2018.
             Demolished by a storm dragon simulacrum (33 damage)
             ... on level 3 of the Abyss.
             The game lasted 00:41:14 (9157 turns).

diana the Grappler (Troll Fighter)                  Turns: 9157, Time: 00:41:22

Health: -19/100    AC:  6    Str: 27 (28) XL:     10   Next: 87%
Magic:  0/9        EV: 12    Int:  1 (4)  God:
Gold:   545        SH: 11    Dex: 12 (15) Spells: 9/9 levels left

rFire    . . .     SeeInvis +     - Unarmed
rCold    . . .     Gourm    +   b - +0 shield
rNeg     . . .     Faith    .   H - +1 robe of Qaevojy {Str+2 SInv}
rPois    .         Spirit   +   (helmet restricted)
rElec    .         Reflect  .   (no cloak)
rCorr    .         Harm     .   (gloves unavailable)
MR       .....                  (boots unavailable)
Stlth    +.........             P - amulet of guardian spirit
HPRegen  0.66/turn              s - +3 ring of dexterity (curse)
MPRegen  0.11/turn              t - ring of see invisible

@: about to teleport
A: large, unfitting armour, claws 3, fast metabolism 3, gourmand, regeneration
1, shaggy fur 1, tough skin 2
a: no special abilities


You were on level 3 of the Abyss.
You were not hungry.

You visited 2 branches of the dungeon, and saw 11 of its levels.
You visited the Abyss 1 time.

You collected 545 gold pieces.

Inventory:

Missiles
 v - 3 throwing nets (quivered)
Armour
 a - a +0 robe
 b - a +0 shield (worn)
 j - a +0 large shield
 A - a +1 hat
 H - the +1 robe of Qaevojy (worn) {Str+2 SInv}
   (You found it on level 9 of the Dungeon)

   It affects your strength (+2).
   It lets you see invisible.
Jewellery
 s - a cursed +3 ring of dexterity (left claw)
 t - a ring of see invisible (right claw)
 P - an amulet of guardian spirit (around neck)
Wands
 E - a wand of random effects (58)
 J - a wand of acid (7)
 K - a wand of enslavement (14)
 N - a wand of clouds (4)
 Q - a wand of paralysis (10)
 S - a wand of digging (8)
Scrolls
 c - 3 scrolls of amnesia {unknown}
 e - 5 scrolls of teleportation
 h - 7 scrolls of remove curse {unknown}
 i - 2 scrolls of enchant armour {unknown}
 k - 4 scrolls of enchant weapon {unknown}
 p - 10 scrolls of identify {unknown}
 r - 3 scrolls of immolation {unknown}
 x - a scroll of fog {unknown}
 y - 2 scrolls of magic mapping {unknown}
 z - 2 scrolls of random uselessness {unknown}
 I - a scroll of summoning {unknown}
 L - a scroll of noise {unknown}
Potions
 l - 2 potions of magic {unknown}
 m - 2 potions of flight {unknown}
 n - 5 potions of brilliance {unknown}
 o - 3 potions of heal wounds
 q - 3 potions of haste
 u - 2 potions of berserk rage {unknown}
 w - 2 potions of resistance {unknown}
 B - 2 potions of ambrosia {unknown}
 C - 2 potions of mutation {unknown}
 D - 2 potions of cancellation
 F - 3 potions of curing {unknown}
 R - a potion of agility {unknown}
Books
 f - a book of Minor Magic

   Spells                             Type                      Level
   a - Magic Dart                     Conjuration                  1
   b - Blink                          Translocation                2
   c - Call Imp                       Summoning                    2
   d - Slow                           Hexes                        2
   e - Conjure Flame                  Conjuration/Fire             3
   f - Mephitic Cloud                 Conjuration/Poison/Air       3
 G - a book of Callings

   Spells                             Type                      Level
   a - Summon Small Mammal            Summoning                    1
   b - Call Imp                       Summoning                    2
   c - Call Canine Familiar           Summoning                    3
   d - Summon Guardian Golem          Hexes/Summoning              3
   e - Summon Lightning Spire         Summoning/Air                4
   f - Summon Ice Beast               Ice/Summoning                4
 M - a book of Changes

   Spells                             Type                      Level
   a - Beastly Appendage              Transmutation                1
   b - Sticks to Snakes               Transmutation                2
   c - Spider Form                    Transmutation/Poison         3
   d - Ice Form                       Ice/Transmutation            4
   e - Blade Hands                    Transmutation                5
Miscellaneous
 O - a fan of gales
Comestibles
 d - 17 rations


   Skills:
 + Level 6.8 Fighting
 - Level 0.6 Armour
 + Level 6.7 Dodging
 + Level 6.7 Shields
 * Level 10.7 Unarmed Combat


You had 9 spell levels left.
You didn't know any spells.

Dungeon Overview and Level Annotations

Branches:
Dungeon (10/15)            Temple (1/1) D:7
   Lair: D:8-11         Orc: D:9-12

Altars:
Ashenzari
Cheibriados
Dithmenos
Elyvilon
Gozag
Hepliaklqana
Kikubaaqudgha
Makhleb
Nemelex Xobeh
Okawaru
Qazlal
Ru
Sif Muna
Trog
Uskayaw
Vehumet
Wu Jian
Xom
Yredelemnul
Zin
The Shining One

Shops:
D:9 =

Annotations:
D:10 Fannar, Sonja


Innate Abilities, Weirdness & Mutations

You are too large for most types of armour.
You have claws for hands.
Your metabolism is lightning-fast.
You like to eat raw meat.
Your natural rate of healing is unusually fast.
You are covered in fur. (AC +1)
You have very tough skin. (AC +2)


Message History

Found 40 gold pieces.
A storm dragon simulacrum comes into view.
The flying skull gives a hideous shriek!
A small abomination comes into view.
The smoke demon gestures at you. The ball of steam hits you!
As you read the scroll of teleportation, it crumbles to dust.
You feel strangely unstable.
You feel the power of the Abyss delaying your translocation!
You are engulfed in a cloud of scalding steam.
You block the flying skull's attack.
The storm dragon simulacrum is engulfed in a cloud of scalding steam.
The storm dragon simulacrum bites you.
The storm dragon simulacrum freezes you!
* * * LOW HITPOINT WARNING * * *
The storm dragon simulacrum misses you.
The storm dragon simulacrum tramples you.
* * * LOW HITPOINT WARNING * * *
The storm dragon simulacrum freezes you!!
You die...

#. . #.### ..
###.#. #### ...
#.##..##..# ....
# #..$.....#
..... ..
###.#..##.#......
# ..
#.#..z@....... ..
.#...Z##.....# #
.#..#.3#.# #....
#. ..##.###x. .##
## # z #.§###.#.
.# . ####§.### .#
.### #3#.# # # #.
.##.### . ##
##...#..#


You could see a smoke demon, a flying skull and a storm dragon simulacrum.

Vanquished Creatures
  The ghost of vatarom the Fighter, a journeyman GnWn (D:10)
  Pikel (D:5)
  Maurice (D:9)
  A gargoyle (D:10)
  Grinder (D:3)
  2 hippogriffs
  Sigmund (D:3)
  4 flying skulls (Abyss:3)
  A wraith (D:8)
  Eustachio (D:6)
  A hungry ghost (D:7)
  An ice beast (D:5)
  4 slaves (D:5)
  A water moccasin (D:9)
  A necrophage (D:10)
  2 black bears
  An orc warrior (D:6)
  A phantom (D:4)
  A sky beast (D:10)
  4 centaurs
  2 ogres (D:7)
  Blork the orc (D:5)
  2 big kobolds
  5 bullfrogs
  4 scorpions
  6 killer bees
  5 wights (D:10)
  A howler monkey (D:9)
  5 jellies
  4 crimson imps
  A quasit (Abyss:3)
  2 orc priests
  5 hounds
  4 orc wizards
  2 bullfrog skeletons
  A centaur skeleton (D:8)
  2 iguanas
  10 worker ants
  A hound zombie (D:5)
  A worker ant zombie (D:5)
  A howler monkey skeleton (D:8)
  7 adders
  An ufetubus (Abyss:3)
  10 oozes
  2 adder skeletons
  2 worms
  The ghost of Iko the Magician, a weakling MiWz (D:4)
  7 leopard geckos
  21 orcs
  8 giant cockroaches
  4 hobgoblins
  10 jackals
  24 kobolds
  A quokka (D:3)
  4 bats
  4 frilled lizards
  6 goblins
  A jackal skeleton (D:4)
  A leopard gecko skeleton (D:5)
  7 rats
  A plant (D:2)
218 creatures vanquished.

Vanquished Creatures (others)
  A quokka (D:5)
  9 toadstools (D:4)
10 creatures vanquished.

Grand Total: 228 creatures vanquished

Notes
Turn   | Place    | Note
-------+----------+-------------------------------------------
     0 | D:1      | diana the Troll Fighter began the quest for the Orb.
     0 | D:1      | Reached XP level 1. HP: 22/22 MP: 0/0
   151 | D:1      | Reached XP level 2. HP: 29/29 MP: 1/1
   885 | D:2      | Noticed Sigmund
  1086 | D:2      | Reached XP level 3. HP: 34/36 MP: 2/2
  1102 | D:2      | Found a hazy altar of Hepliaklqana.
  1240 | D:2      | Found a sparkling altar of Nemelex Xobeh.
  1240 | D:2      | Found a faded altar of an unknown god.
  1245 | D:2      | Found a faded altar of an unknown god.
  1266 | D:2      | Found an ancient bone altar of Kikubaaqudgha.
  1268 | D:2      | Found a shadowy altar of Dithmenos.
  1780 | D:3      | Reached XP level 4. HP: 44/44 MP: 3/3
  1836 | D:3      | Reached skill level 3 in Unarmed Combat
  2198 | D:3      | Noticed Grinder
  2243 | D:3      | Paralysed by Grinder for 7 turns
  2282 | D:3      | Paralysed by Grinder for 5 turns
  2398 | D:3      | Reached XP level 5. HP: 52/52 MP: 4/4
  2500 | D:4      | Noticed Iko's ghost (weakling MiWz)
  2506 | D:4      | Killed Iko's ghost
  2710 | D:4      | Reached skill level 4 in Unarmed Combat
  2789 | D:4      | Found a burning altar of Makhleb.
  2898 | D:4      | Noticed a phantom
  2975 | D:4      | Killed a phantom
  2975 | D:4      | Reached XP level 6. HP: 45/61 MP: 5/5
  3086 | D:4      | HP: 2/61 [acid (8)]
  3444 | D:5      | Entered Level 5 of the Dungeon
  3444 | D:5      | Noticed Pikel
  3444 | D:5      | Noticed a slave
  3446 | D:5      | Noticed a slave
  3449 | D:5      | Noticed a slave
  3449 | D:5      | Noticed a slave
  3645 | D:5      | Reached XP level 7. HP: 67/67 MP: 6/6
  3730 | D:5      | Noticed Blork the orc
  3739 | D:5      | Reached skill level 5 in Unarmed Combat
  3894 | D:3      | Killed Sigmund
  3931 | D:3      | Paralysed by Grinder for 3 turns
  3954 | D:3      | Killed Grinder
  3954 | D:3      | Reached skill level 6 in Unarmed Combat
  4108 | D:5      | Reached XP level 8. HP: 57/78 MP: 7/7
  4196 | D:5      | Killed Blork the orc
  4379 | D:5      | Killed Pikel
  4379 | D:5      | Reached skill level 7 in Unarmed Combat
  4658 | D:5      | Found a white marble altar of Elyvilon.
  4879 | D:6      | Noticed Eustachio
  4910 | D:6      | Killed Eustachio
  4910 | D:6      | Reached skill level 5 in Fighting
  4910 | D:6      | Reached skill level 5 in Shields
  4910 | D:6      | Reached XP level 9. HP: 76/88 MP: 8/8
  4940 | D:6      | Found a stormy altar of Qazlal.
  5031 | D:6      | Found a hazy altar of Hepliaklqana.
  5037 | D:6      | Reached skill level 5 in Dodging
  5270 | D:6      | Reached skill level 8 in Unarmed Combat
  5282 | D:6      | Found a bloodstained altar of Trog.
  6112 | D:7      | Found a staircase to the Ecumenical Temple.
  6163 | Temple   | Entered the Ecumenical Temple
  6332 | D:8      | Found an iron altar of Okawaru.
  6332 | D:8      | Noticed Maurice
  6843 | D:8      | Reached skill level 9 in Unarmed Combat
  6929 | D:8      | Found a sacrificial altar of Ru.
  7131 | D:9      | Got a tattered robe
  7142 | D:9      | Identified the +1 robe of Qaevojy {Str+2 SInv} (You found it on level 9 of the Dungeon)
  7173 | D:9      | Reached XP level 10. HP: 72/98 MP: 9/9
  7277 | D:9      | Found Tuelyfel's Jewellery Shoppe.
  7533 | D:9      | Found a shattered altar of Ashenzari.
  7533 | D:9      | Found a shimmering altar of Xom.
  7680 | D:9      | Killed Maurice
  7706 | D:10     | Entered Level 10 of the Dungeon
  7706 | D:10     | Noticed a gargoyle
  7787 | D:10     | Noticed Sonja
  7833 | D:10     | Noticed vatarom's ghost (journeyman GnWn)
  7865 | D:10     | Killed vatarom's ghost
  7865 | D:10     | Reached skill level 10 in Unarmed Combat
  8073 | D:10     | Killed a gargoyle
  8264 | D:10     | Noticed Fannar
  8741 | D:8      | You fall through a shaft!
  8960 | D:10     | Cast into level 2 of the Abyss (Sonja)
  8977 | Abyss:2  | Found a corrupted altar of Lugonu.
  9022 | Abyss:3  | Noticed a starcursed mass
  9029 | Abyss:3  | Noticed a large abomination
  9144 | Abyss:3  | Noticed a smoke demon
  9157 | Abyss:3  | Demolished by a storm dragon simulacrum

Skill      XL: |  1  2  3  4  5  6  7  8  9 10 |
---------------+-------------------------------+-----
Unarmed Combat | 3 4 6 7 9 10 | 10.7
Dodging        | 3 4 5 6 |  6.7
Shields        | 3 4 5 6 |  6.7
Fighting       | 3 4 5 6 |  6.8
Armour         | |  0.6

Action                   |  1- 3 |  4- 6 |  7- 9 | 10-12 || total
-------------------------+-------+-------+-------+-------++-------
Melee: Unarmed           |   138 |   159 |   354 |   187 ||   838
  Use: Potion            |       |     3 |     2 |     1 ||     6
       Scroll            |       |       |     1 |     2 ||     3
 Stab: Sleeping          |       |     1 |     2 |       ||     3
       Distracted        |       |       |     1 |       ||     1
  Eat: Chunk             |    21 |    11 |    29 |    16 ||    77
       Ration            |       |       |     2 |       ||     2
Armor: Robe              |    37 |    33 |    55 |    30 ||   155
       Skin              |       |     1 |       |       ||     1
Dodge: Dodged            |    49 |    58 |   123 |    71 ||   301
Block: Shield            |    69 |    73 |   157 |   104 ||   403
